 Dungeon Crawl Stone Soup version 0.31.0-11-ge490571c62 (webtiles) character file.

Game seed: 1288517299673577530

2690 Arvy the Artisan of Death (level 9, 0/62 HPs)
             Began as a Vampire Brigand on Feb 5, 2024.
             Was a Priest of Kikubaaqudgha.
             Slain by an orc priest
             ... wielding a +0 short sword
              (1 damage)
             ... on level 8 of the Dungeon on Feb 9, 2024.
             The game lasted 01:19:24 (5377 turns).

Arvy the Artisan of Death (Vampire Brigand)         Turns: 5377, Time: 01:19:26

Health: 0/62       AC:  7    Str: 10    XL:     9   Next: 38%
Magic:  16/19      EV: 13    Int: 24    God:    Kikubaaqudgha [***...]
Gold:   323        SH:  0    Dex: 15    Spells: 5/22 levels left

rFire   . . .        f - +2 dagger (venom)
rCold   . . .        p - orb {guile}
rNeg    . . .        d - +2 robe {Will+}
rPois   .            (no helmet)
rElec   .            o - +2 cloak
rCorr   .            (no gloves)
SInv    +            (no boots)
Will    .....        b - amulet of magic regeneration
Stlth   ++++         C - +6 ring of intelligence
HPRegen 0.50/turn    i - ring of wizardry
MPRegen 0.56/turn

%: wizardry (x1)
@: brilliant, healing quickly
A: alive, fangs 3, see invisible, vampiric 2
a: Exsanguinate, Renounce Religion, Unearth Wretches


You were on level 8 of the Dungeon.
You worshipped Kikubaaqudgha.
Kikubaaqudgha was most pleased with you.
You visited 2 branches of the dungeon, and saw 9 of its levels.

You collected 323 gold pieces.

Inventory:

Hand Weapons
 a - a +2 dagger
 f - a +2 dagger of venom (weapon)
 z - a +2 long sword of freezing
Missiles
 c - 2 poisoned darts (quivered)
 e - 4 boomerangs
 h - 6 javelins
 k - a curare-tipped dart
 l - 35 stones
Armour
 d - a +2 robe of willpower (worn)
 o - a +2 cloak (worn)
 p - an orb of guile (worn)
Jewellery
 b - an amulet of magic regeneration (around neck)
 i - a ring of wizardry (right hand)
 j - a ring of resist corrosion
 C - a +6 ring of intelligence (left hand)
Wands
 m - a wand of iceblast (3)
Scrolls
 n - a scroll of blinking {unknown}
 q - 6 scrolls of identify {unknown}
 r - a scroll of acquirement {unknown}
 s - 2 scrolls of vulnerability {unknown}
 t - a scroll of noise {unknown}
 u - a scroll of teleportation
 x - a scroll of immolation {unknown}
 y - a scroll of enchant weapon
 A - a scroll of fog {unknown}
Potions
 g - 4 potions of degeneration
 v - a potion of heal wounds
 B - a potion of might


   Skills:
 + Level 2.5 Fighting
 + Level 3.9 Short Blades
 + Level 2.8 Throwing
 + Level 3.6 Dodging
 - Level 7.3 Stealth
 * Level 7.2 Spellcasting
 * Level 2.5 Hexes
 - Level 1.0 Summonings
 + Level 7.7 Necromancy
 + Level 1.0 Evocations


You had 5 spell levels left.
You knew the following spells:

 Your Spells              Type           Power      Damage    Failure   Level
a - Necrotise             Necr           100%       1d9       1%          1
b - Kiss of Death         Conj/Necr      100%       2d13      1%          1
c - Fugue of the Fallen   Necr           62%        N/A       1%          3
d - Vampiric Draining     Necr           62%        2d10      1%          3
e - Dispel Undead         Necr           62%        3d22      1%          4
f - Slow                  Hex            100%       N/A       1%          1
g - Martyr's Knell        Necr/Summ      44%        N/A       4%          4

Your spell library contained the following spells:

 Spells                   Type           Power      Damage    Failure   Level
 Confusing Touch          Hex            31%        N/A       3%          3
 Sigil of Binding         Hex            31%        N/A       3%          3
 Anguish                  Hex/Necr       25%        N/A       3%          4
 Borgnjor's Vile Clutch   Necr/Erth      20%        N/A       16%         5


Dungeon Overview and Level Annotations

Branches:
Dungeon (8/15)             Temple (1/1) D:4
   Lair: D:8-11

Altars:
Ashenzari
Cheibriados
Fedhas
Gozag
Hepliaklqana
Kikubaaqudgha
Makhleb
Nemelex Xobeh
Okawaru
Ru
Sif Muna
Trog
Uskayaw
Vehumet
Xom
Yredelemnul

Shops:
D:2 =   D:5 =[

Annotations:
D:6 Jeremiah


Innate Abilities, Weirdness & Mutations

Your natural rate of healing is accelerated.
You have razor-sharp teeth.
You have supernaturally acute eyesight. (SInv)
You are afflicted with vampirism and can become a bat while bloodless.


Message History

The orc wizard flickers and vanishes for a moment.
The bullfrog closely misses you.
The orc priest shouts!
A boulder beetle comes into view.
The orc wizard hits you but does no damage.
Okay, then.
It was a potion of curing.
You feel better. The bullfrog closely misses you.
The orc wizard closely misses you. The bullfrog closely misses you.
Okay, then.
The bullfrog completely misses you.
The boulder beetle leaps!
The orc priest mumbles some strange prayers to Beogh against you.
Beogh smites you!
You begin bloodletting.
You continue bloodletting.
The bullfrog misses you.
The boulder beetle curls into a ball and begins rolling!
The orc wizard hits you with a +0 dagger.
* * * LOW HITPOINT WARNING * * *
The orc priest hits you but does no damage.
The bullfrog hits you.
* * * LOW HITPOINT WARNING * * *
You continue bloodletting.
The bullfrog hits you.
* * * LOW HITPOINT WARNING * * *
The orc priest barely misses you.
The orc wizard gestures at you while chanting.
The magic dart hits you.
* * * LOW HITPOINT WARNING * * *
You continue bloodletting.
The bullfrog hits you.
* * * LOW HITPOINT WARNING * * *
The orc priest closely misses you.
The orc wizard hits you with a +0 dagger.
* * * LOW HITPOINT WARNING * * *
The bullfrog hits you.
* * * LOW HITPOINT WARNING * * *
You continue bloodletting.
The bullfrog barely misses you. The orc wizard closely misses you.
The orc priest hits you with a +0 short sword.
You die...
Kikubaaqudgha rasps: "You have failed me!
Welcome... death!"

.. .. ... ..#.
#..##.#..# #.#.
#..##.#..###.#. #
#.............. #.
#........###.#.
####.#####........# #.#.
..................# #...
....○Bo.F.......)####...
...○.##@o...............
... ###.#.####.####..# #
#.#.# #.# #..# ###.# #.#
#..# #.# ##.####..# #.#
#.....#..# #.#
#..##.#..# #.#
#..##.#..# #.#
#..<......


You could see a boulder beetle (rolling), a bullfrog, an orc priest and an orc
wizard (invisible, poisoned).

Vanquished Creatures
  A hornet (D:8)
  A slime creature (D:8)
  A wyvern (D:8)
  A water moccasin (D:7)
  An ice beast (D:4)
  A black bear (D:7)
  2 orc warriors
  A sky beast (D:7)
  2 ogres
  A phantom (D:5)
  2 kobold brigands
  2 scorpions
  A wight (D:8)
  6 killer bees (D:4)
  3 bombardier beetles
  A howler monkey (D:5)
  5 jellies
  2 hounds
  2 gnoll boudas
  2 sleepcaps (D:6)
  2 orc wizards
  14 gnolls
  9 adders
  2 white imps
  2 dart slugs
  A ribbon worm (D:3)
  18 orcs
  3 bats
  7 endoplasms
  2 giant cockroaches
  5 goblins
  5 hobgoblins
  8 jackals
  6 kobolds
  3 quokkas
  4 ball pythons
  6 frilled lizards
  5 rats
140 creatures vanquished.

Vanquished Creatures (others)
  An adder (D:5)
1 creature vanquished.

Grand Total: 141 creatures vanquished

Notes
Turn   | Place    | Note
-------+----------+-------------------------------------------
     0 | D:1      | Arvy the Vampire Brigand began the quest for the Orb.
     0 | D:1      | Reached XP level 1. HP: 16/16 MP: 1/1
   213 | D:1      | Reached XP level 2. HP: 22/22 MP: 2/2
   858 | D:2      | Found Oplaenym's Jewellery Shoppe.
   899 | D:2      | Upgraded the game from 0.31.0-9-g3a7656b989 to
                  | 0.31.0-11-ge490571c62
   936 | D:2      | Found a faded altar of an unknown god.
   939 | D:2      | Prayed at the altar of an unknown god.
   939 | D:2      | Became a worshipper of Kikubaaqudgha
   939 | D:2      | Reached * piety under Kikubaaqudgha
   939 | D:2      | Received a gift from Kikubaaqudgha
   942 | D:2      | Learned a level 1 spell: Necrotise
  1027 | D:2      | Gained mutation: You are afflicted with vampirism and can
                  | become a bat while bloodless. [Vampire growth]
  1027 | D:2      | Reached XP level 3. HP: 21/27 MP: 0/3
  1489 | D:3      | Found a bloodstained altar of Trog.
  1631 | D:3      | Learned a level 1 spell: Kiss of Death
  1729 | D:3      | Reached skill level 1 in Necromancy
  1796 | D:3      | Reached XP level 4. HP: 33/33 MP: 5/5
  1894 | D:4      | Reached ** piety under Kikubaaqudgha
  1895 | D:4      | Reached skill level 1 in Spellcasting
  2098 | D:4      | Reached XP level 5. HP: 29/38 MP: 1/8
  2110 | D:4      | Reached XP level 6. HP: 16/44 MP: 1/10
  2185 | D:4      | HP: 1/44 [gnoll/+0 spear[a gnoll bouda] (7)]
  2309 | D:4      | Noticed an ice beast
  2332 | D:5      | Entered Level 5 of the Dungeon
  2369 | D:5      | Found an iron altar of Okawaru.
  2401 | D:5      | Found a broken altar of Ashenzari.
  2523 | D:5      | Found a hazy altar of Hepliaklqana.
  2523 | D:5      | Found a faded altar of an unknown god.
  2523 | D:5      | Found a faded altar of an unknown god.
  2668 | D:4      | Reached XP level 7. HP: 50/50 MP: 11/11
  2676 | D:4      | Learned a level 3 spell: Fugue of the Fallen
  2680 | D:4      | Learned a level 3 spell: Vampiric Draining
  2849 | D:4      | Reached skill level 5 in Necromancy
  3236 | D:4      | Found a staircase to the Ecumenical Temple.
  3354 | Temple   | Entered the Ecumenical Temple
  3412 | D:6      | Learned a level 4 spell: Dispel Undead
  3478 | D:5      | Found Zoutran's Antique Armour Emporium.
  3552 | D:5      | Found a sparkling altar of Nemelex Xobeh.
  3561 | D:5      | Reached XP level 8. HP: 55/56 MP: 11/14
  3652 | D:5      | Found Lootadoe's Jewellery Emporium.
  4231 | D:6      | Reached skill level 5 in Spellcasting
  4342 | D:6      | Found a radiant altar of Vehumet.
  4350 | D:6      | Noticed Jeremiah
  4501 | D:7      | Reached skill level 1 in Evocations
  4667 | D:7      | Found a basalt altar of Yredelemnul.
  4842 | D:7      | Reached *** piety under Kikubaaqudgha
  4842 | D:7      | Received a gift from Kikubaaqudgha
  4845 | D:7      | Learned a level 1 spell: Slow
  4850 | D:7      | Learned a level 4 spell: Martyr's Knell
  5038 | D:8      | Reached XP level 9. HP: 57/62 MP: 16/18
  5096 | D:8      | Reached skill level 1 in Hexes
  5138 | D:7      | Reached skill level 1 in Summonings
  5371 | D:8      | Noticed a boulder beetle
  5376 | D:8      | HP: 3/62 [orc wizard/+0 dagger (3)]
  5376 | D:8      | HP: 1/62 [bullfrog (2)]
  5377 | D:8      | Slain by an orc priest

Illustrated notes

Levels and vault maps discovered:
D:1:      scummos_arrival_hexagon, layout_loops_ring, serial_aquarium,
          aquarium_bridge_square [aquarium_subvault_bridge,
          aquarium_subvault_bridge, aquarium_subvault_window,
          aquarium_subvault_wall], aquarium_window_fake, aquarium_window_1,
          aquarium_view_2c, aquarium_view_2c, aquarium_pool_four,
          serial_bayou_pond_d
D:2:      layout_rooms, shapermc_ecumenical_altar_mp_urbaneastern, serial_glass,
          glass_columns_a, glass_columns_b, glass_columns_b, glass_columns_a,
          serial_shops, shop_statue, nicolae_shop_trees, shop
D:3:      layout_loops_corners, lemuel_crystal_altar, nicolae_the_louvre
D:4:      minmay_evil_eye, layout_basic, minmay_temple_entry_antechambers
D:5:      layout_cave_pools, general_overflow_altar,
          mainiacjoe_overflow_surrounded_room, evilmike_ruin_ashenzari,
          nicolae_hepliaklqana_ecumenical_no_more, serial_co_window_serial,
          co_window_paths_b, co_window_paths_b, co_window_corner_a,
          co_window_paths_a, co_window_of_opportunity_a, co_window_paths_a,
          co_window_corner_a, co_window_corner_b, co_window_paths_c,
          co_window_corner_b, co_window_unsneaky_path_b, co_window_paths_c,
          glass_columns_c, glass_columns_c, glass_columns_b, glass_columns_a,
          serial_shops, nicolae_shop_tiny_waterfront,
          nicolae_shop_back_alley_shop
D:6:      layout_basic, nicolae_vehumet_radiance, mainiacjoe_overflow_24_doors,
          nzn_wu_jian_council_hall, mainiacjoe_overflow_six_doors_small,
          uniq_jeremiah, uniq_blork_the_orc
D:7:      layout_basic, lemuel_tele_altar
D:8:      layout_basic, old_standard_altar, minmay_the_grid_2x2
          [minmay_the_grid_embedded, minmay_the_grid_expand,
          minmay_the_grid_outer_diamond, minmay_the_grid_prize_four_corners]
Temple:   nicolae_temple_ecumenical_triangle

Skill      XL: |  1  2  3  4  5  6  7  8  9 |
---------------+----------------------------+-----
Stealth        | 6 7 |  7.3
Necromancy     | 1 2 3 4 5 7 |  7.7
Spellcasting   | 2 3 4 6 7 |  7.2
Throwing       | 2 |  2.8
Fighting       | 2 |  2.5
Dodging        | 2 3 |  3.6
Short Blades   | 3 |  3.9
Evocations     | 1 |  1.0
Hexes          | 2 |  2.5
Summonings     | 1 |  1.0

Action                     |  1- 3 |  4- 6 |  7- 9 || total
---------------------------+-------+-------+-------++-------
  Melee: Dagger            |    92 |    42 |   119 ||   253
         Bite              |     3 |     4 |    22 ||    29
         Punch             |     1 |       |       ||     1
  Throw: Dart              |    23 |    32 |    75 ||   130
         Boomerang         |       |       |     1 ||     1
   Cast: Necrotise         |    22 |    30 |    82 ||   134
         Vampiric Draining |       |       |    24 ||    24
         Fugue of the Fall |       |       |    15 ||    15
         Dispel Undead     |       |       |     3 ||     3
         Kiss of Death     |       |       |     2 ||     2
         Slow              |       |       |     2 ||     2
         Martyr's Knell    |       |       |     1 ||     1
 Invoke: Unearth Wretches  |       |     1 |       ||     1
Ability: Exsanguinate      |       |       |     1 ||     1
  Evoke: Wand              |       |       |     1 ||     1
    Use: Potion            |     2 |     2 |     3 ||     7
         Scroll            |       |     4 |       ||     4
   Stab: Sleeping          |    13 |     3 |     3 ||    19
         Distracted        |     1 |       |       ||     1
 Armour: Robe              |    56 |    43 |   134 ||   233
         Skin              |       |    31 |       ||    31
  Dodge: Dodged            |    54 |    39 |   124 ||   217
